[Event "Early-Titled-Tuesday-Blitz-February-20-2024"]
[Site "Chess.com"]
[Date "2024.02.20"]
[Round "3"]
[White "MdChess1734"]
[Black "gshwbedhkhd"]
[Result "0-1"]
[WhiteElo "2389"]
[BlackElo "2619"]
[TimeControl "180+1"]
[EndTime "8:29:20 PST"]
[Termination "gshwbedhkhd won by checkmate"]

1. e4 f6 2. d4 e6 3. Bd3 b6 4.
Nc3 Bb7 5. Nf3 Ne7 6. O-O g6 7.
Be3 Bg7 8. Qd2 h5 9. Rfe1 O-O 10.
d5 e5 11. d6 cxd6 12. Bc4+ Kh7 13. Qxd6 Nc8 14. Qd2 Nc6 15. Rad1 d6 16. Nb5 Qe7 17. Nxd6 Rd8 18. Nxc8 Raxc8 19. Qe2 Qb4 20. c3 Qe7 21. Bd5 Rd6 22. c4 Na5 23. b3 b5 24. c5 Rdd8 25. b4 Nc6 26. Qxb5 Rd7 27. a3 Rcd8 28. Rc1 Rc7 29. Rcd1 Ba8 30. Qc4 Rcd7 31. Rc1 Nd4 32.
Bxd4 exd4 33. Nxd4 Qe5 34. c6 Rc7 35. b5 f5 36. Ne6 Rdc8 37. Nxc7 Qxc7 38. exf5 Be5 39.
fxg6+ Kg7 40. Qe4 Bxh2+ 41. Kh1 Bd6 42. Qd4+ Kh6 43. Re6 Bf4 44. g7+ Kg5 45. Be4 Rd8 46. Rg6+ Kh4 47. Qc3 Qc8 48. g3+ Bxg3 49. Bf3 Qh3+ 50.
Kg1 Qh2+ 51. Kf1 Qxf2# 0-1

[Event "Early-Titled-Tuesday-Blitz-February-20-2024"]
[Site "Chess.com"]
[Date "2024.02.20"]
[Round "3"]
[White "Francesco_Bernoulli"]
[Black "HelvertHernandez"]
[Result "1-0"]
[WhiteElo "2332"]
[BlackElo "1977"]
[TimeControl "180+1"]
[EndTime "8:29:21 PST"]
[Termination "Francesco_Bernoulli won by checkmate"]

1. e4 c5 2. Nf3 Nc6 3. Bb5 g6 4. Bxc6 bxc6 5. O-O Bg7 6. Re1 d6 7. Nc3 e6 8. d3 Ne7 9. Be3 O-O 10. Qd2 Rb8 11. b3 Qa5 12. e5 d5 13. Na4 Qb5 14.
Bxc5 Re8 15. d4 a5 16. h4 h5 17. Qe2 Nf5 18. g3 Ba6 19. Qxb5 cxb5 20. Nb2 Rec8 21.
c3 Bf8 22. b4 Bxc5 23. dxc5 Rd8 24. Red1 Rbc8 25. a3 Ne7 26. Nd4 Nc6 27. Nxc6 Rxc6 28. Rd4 Rf8 29. Rf4 Kg7 30. Nd3 f6 31. exf6+ Rxf6 32.
Rxf6 Kxf6 33. Re1 Bc8 34. f4 Rc7 35. Kf2 axb4 36. cxb4 Ra7 37. Ra1 Kf5 38. Ne5 Bb7 39.
Ke3 Ra8 40. Kd4 Rf8 41. a4 Ra8 42. a5 Ba6 43. c6 Rb8 44. Kc5 Rc8 45. Kd6 Ke4 46.
Nxg6 d4 47. Ne7 d3 48. Nxc8 Bxc8 49. Kc7 Ba6 50. Kb6 Bc8 51. a6 Bxa6 52. Rxa6 d2 53. Ra1 Kf3 54. c7 Kxg3 55. c8=Q Kxf4 56. Rd1 e5 57. Rxd2 e4 58. Qf8+ Ke3 59. Qf2# 1-0

[Event "Early-Titled-Tuesday-Blitz-February-20-2024"]
[Site "Chess.com"]
[Date "2024.02.20"]
[Round "3"]
[White "FARIZA2018"]
[Black "Szparu"]
[Result "1-0"]
[WhiteElo "2574"]
[BlackElo "2777"]
[TimeControl "180+1"]
[EndTime "8:29:22 PST"]
[Termination "FARIZA2018 won by resignation"]

1. e4 e6 2. d4 d5 3. Nd2 Nc6 4. Ngf3 Nf6 5. e5 Nd7 6. Be2 f6 7. exf6 Qxf6 8. Nf1 Bd6 9. Ne3 O-O 10. O-O Qg6 11. c4 Nf6 12. c5 Bf4 13. Bd3 Ne4 14. Nc2 e5 15. dxe5 Bg4 16. Be2 Bh3 17. Nce1 Rad8 18.
Bxf4 Rxf4 19. Kh1 Bg4 20. Nd3 Rf5 21. Nh4 Bxe2 22. Qxe2 Qg5 23. Nxf5 Qxf5 24. f3 Ng5 25. Rad1 Ne6 26. f4 h5 27. Qf3 Ncd4 28. Qg3 Ne2 29.
Qe3 N2d4 30. Ne1 Nc6 31. Nf3 d4 32. Qd3 Qxf4 33. Qc4 Qf7 34. Ng5 Nxg5 35. Rxf7 Nxf7 36. e6 Nfe5 37. Qe2 Re8 38. Qxh5 Rxe6 39. Qf5 Rf6 40. Qc8+ Kh7 41. h3 d3 42. Qxc7 b6 43. cxb6 axb6 44.
Qxb6 Nd4 45. Qxd4 1-0

[Event "Early-Titled-Tuesday-Blitz-February-20-2024"]
[Site "Chess.com"]
[Date "2024.02.20"]
[Round "3"]
[White "ozen_metehan"]
[Black "Brave_spirit12"]
[Result "0-1"]
[WhiteElo "2481"]
[BlackElo "2729"]
[TimeControl "180+1"]
[EndTime "8:29:22 PST"]
[Termination "Brave_spirit12 won by checkmate"]

1. d4 c5 2. d5 Nf6 3. c4 b5 4. cxb5 a6 5. bxa6 Bxa6 6. Nc3 g6 7. Nf3 Bg7 8. e4 Bxf1 9. Kxf1 d6 10. g3 O-O 11.
Kg2 Nbd7 12. a4 Ra6 13. Qe2 Qa8 14. Ra3 Rb8 15. b3 Ne8 16. Nb5 Ra5 17. Qa2 Ne5 18.
Nxe5 Bxe5 19. h4 h5 20. Re1 Rb7 21. Kg1 Nc7 22. Nxc7 Rxc7 23. Bd2 Ra6 24. a5 Rb7 25. Ra4 Rb5 26. Qc2 Qb7 27. Rb1 Bd4 28. Qc4 Bf6 29.
Be1 Ra8 30. Qc2 Qa6 31. b4 cxb4 32. Raxb4 Rc5 33. Rb8+ Rxb8 34. Rxb8+ Kg7 35. Qd1 Qc4 36. Qf3 Qc1 37. Qe3 Qa1 38. Kg2 Bd4 39. Qe2 Rc1 40. Bd2 Rg1+ 41. Kf3 Qa3+ 42. Be3 Be5 43. Qd2 Qa4 44. Rc8 Rd1 45. Qc2 Qa1 46. Qb3 Rb1 47. Qc2 Rb2 48. Qd3 Qh1# 0-1

[Event "Early-Titled-Tuesday-Blitz-February-20-2024"]
[Site "Chess.com"]
[Date "2024.02.20"]
[Round "3"]
[White "Zhigalko_Sergei"]
[Black "GameOverBro"]
[Result "1-0"]
[WhiteElo "2928"]
[BlackElo "2516"]
[TimeControl "180+1"]
[EndTime "8:29:23 PST"]
[Termination "Zhigalko_Sergei won by resignation"]

1. e4 d6 2. d4 Nf6 3. Nc3 e5 4. Nf3 Nbd7 5. Bc4 Be7 6. O-O c6 7. a4 h6 8. a5 Qc7 9. Ba2 Nf8 10.
Be3 Ng6 11. h3 O-O 12. Re1 Kh7 13. Qe2 Nh5 14. Bb3 Nhf4 15. Qf1 Be6 16. Bxe6 Nxe6 17. Qc4 b5 18. axb6 axb6 19. d5 cxd5 20. Qxd5 Rxa1 21.
Rxa1 Ngf4 22. Qd2 Rb8 23. h4 b5 24. g3 Ng6 25. Ra7 Rb7 26. Nxb5 Qd7 27. c4 Rxa7 28.
Bxa7 Qb7 29. Qc2 Ngf8 30. Be3 Nd7 31. Nd2 Ndc5 32. b4 Na6 33. Qa4 Qc6 34. Qa5 g6 35. Na7 Qb7 36. Qb5 Qxb5 37. cxb5 Nxb4 38. b6 Nd8 39.
Nc4 Nb7 40. Bd2 d5 41. Nxe5 dxe4 42. Nxf7 Nd5 43. Nxh6 Bc5 44. Ng4 Bxb6 45. Nc6 Nd6 46. Kg2 Nf5 47. Nce5 e3 48. fxe3 Ndxe3+ 49. Bxe3 Nxe3+ 50. Nxe3 Bxe3 51. Kf3 Bd4 52. Nf7 Kg7 53. Nd6 Bc3 54.
Kg4 Kf6 55. Ne4+ 1-0

[Event "Early-Titled-Tuesday-Blitz-February-20-2024"]
[Site "Chess.com"]
[Date "2024.02.20"]
[Round "3"]
[White "Jakuboss22005"]
[Black "Flameboard08"]
[Result "0-1"]
[WhiteElo "2479"]
[BlackElo "2720"]
[TimeControl "180+1"]
[EndTime "8:29:24 PST"]
[Termination "Flameboard08 won on time"]

1. c3 b6 2. d4 Bb7 3. Nf3 e6 4. Bg5 Be7 5. Bxe7 Qxe7 6. Nbd2 d5 7. e3 Nf6 8. Bd3 Nbd7 9. O-O O-O 10. Ne5 c5 11. f4 a5 12. Rf3 Ne4 13. Rh3 f5 14.
Nxd7 Qxd7 15. Nf3 Qe7 16. Ne5 Rf6 17. Qe2 a4 18. a3 h6 19. g4 g5 20. gxf5 exf5 21.
Bxe4 dxe4 22. fxg5 hxg5 23. Qh5 Qg7 24. Rg3 Rh6 25. Qxg5 Qxg5 26. Rxg5+ Kh7 27. Rf1 Bc8 28. Rf4 cxd4 29. Nf7 dxc3 30. bxc3 Be6 31. Nxh6 Kxh6 32. Rg3 Kh5 33. Rg7 Rc8 34. Re7 Rc6 35. Kg2 Kg5 36.
Kg3 Kf6 37. Rb7 Rxc3 38. Kf2 Rc2+ 39. Kg3 Rc3 40. Kf2 Rxa3 41. Rxb6 Ra2+ 42. Kg3 Re2 43. Rh4 Ke5 44. Rh6 Rxe3+ 45. Kf2 Rf3+ 46. Kg2 Bd5 47. Ra6 a3 48. Rh8 e3 49. Re8+ Kd4 50. Kg1 Rf2 51. Rxa3 f4 0-1

[Event "Early-Titled-Tuesday-Blitz-February-20-2024"]
[Site "Chess.com"]
[Date "2024.02.20"]
[Round "3"]
[White "vi_pranav"]
[Black "IM_ArthurDW08"]
[Result "0-1"]
[WhiteElo "3040"]
[BlackElo "2781"]
[TimeControl "180+1"]
[EndTime "8:29:25 PST"]
[Termination "IM_ArthurDW08 won on time"]

1. e4 c5 2. Nf3 d6 3. d4 cxd4 4. Nxd4 Nf6 5. Nc3 Bd7 6. Bg5 e6 7. Bc4 a6 8. a4 Be7 9. O-O O-O 10.
Be3 Nc6 11. Qe2 Rc8 12. Rfd1 Qc7 13. Nxc6 Bxc6 14. Bd3 Nd7 15. f4 Bf6 16. Ra3 g6 17. Qf2 Qa5 18. Rb1 Qh5 19. Be2 Qh6 20. Bd3 Qg7 21. Nd1 d5 22. exd5 Bxd5 23. Nc3 Bc6 24. a5 e5 25. f5 Be7 26. b4 Nf6 27. h3 Rfd8 28. Rab3 Nd5 29. Nxd5 Bxd5 30. Ra3 e4 31.
Bf1 Qe5 32. fxg6 hxg6 33. Bd4 Qc7 34. c4 Be6 35. Bb6 Qe5 36. Bxd8 Rxd8 37. c5 f5 38. Kh1 Kf7 39. Qc2 Rd4 40. Rc3 Bd8 41. g3 Bc7 42. Bc4 Rxc4 43. Rxc4 Qxg3 44. Rc3 e3 45. Qg2 Qe5 46.
Rd3 f4 47. Rg1 Bf5 48. Rd5 Qe4 49. Rxf5+ gxf5 0-1

[Event "Early-Titled-Tuesday-Blitz-February-20-2024"]
[Site "Chess.com"]
[Date "2024.02.20"]
[Round "3"]
[White "rikchessmx"]
[Black "ImportedItalianMaple"]
[Result "0-1"]
[WhiteElo "2247"]
[BlackElo "2525"]
[TimeControl "180+1"]
[EndTime "8:29:27 PST"]
[Termination "ImportedItalianMaple won on time"]

1. e4 g6 2. d3 Bg7 3. Nf3 Nf6 4.
g3 O-O 5. Bg2 d5 6. e5 Nfd7 7.
d4 c5 8. c3 Nc6 9. O-O f6 10. e6 Ndb8 11. Re1 cxd4 12. cxd4 Na6 13. a3 Nc7 14. Bh3 f5 15. Ng5 Nxd4 16. Nf7 Qe8 17. Nh6+ Kh8 18. Nf7+ Kg8 19. Nh6+ Kh8 20. Nf7+ Rxf7 21.
exf7 Qxf7 22. Nc3 e5 23. Be3 Nc6 24. Bg2 d4 25. Bd2 dxc3 26. Bxc3 Be6 27. Qd6 Rd8 28. Qc5 Bd5 29. Rad1 Bxg2 30. Rxd8+ Nxd8 31. Bxe5 Bc6 32. Bxg7+ Qxg7 33. Re7 Nde6 34. Rxg7 Nxc5 35. Rxc7 a6 36. h4 h6 37. Kh2 Ne6 38. Re7 Ng7 39. b4 Kh7 40. a4 Bxa4 41. Rxb7 Bb5 42. f3 g5 43.
hxg5 hxg5 44. Kg2 Kg6 45. Rb6+ Kf7 46. Rb7+ Kf6 47. Rb6+ Ne6 48. Kf2 f4 49. gxf4 gxf4 50. Rb8 Ke5 51. Rb6 Nd4 52. Rh6 Kd5 53. Rf6 Ne2 54.
Rf5+ Kd4 55. Rf6 Kc3 56. Ke1 Kxb4 57. Kd2 Kc5 58. Rf5+ Kd4 59. Rf8 Ke5 60. Rf7 Nd4 61.
Re7+ Kf5 0-1

[Event "Early-Titled-Tuesday-Blitz-February-20-2024"]
[Site "Chess.com"]
[Date "2024.02.20"]
[Round "3"]
[White "tusplingher"]
[Black "Resignify"]
[Result "1/2-1/2"]
[WhiteElo "2481"]
[BlackElo "2218"]
[TimeControl "180+1"]
[EndTime "8:29:27 PST"]
[Termination "Game drawn by repetition"]

1. e4 d6 2. d4 Nf6 3. Nc3 g6 4. Bc4 c6 5. Nf3 d5 6. exd5 cxd5 7. Bb5+ Bd7 8. Bxd7+ Nbxd7 9. O-O Bg7 10. Bf4 O-O 11. Re1 a6 12. a4 b6 13. Ra3 Re8 14.
Rb3 e6 15. h3 Bf8 16. Ne5 Nxe5 17. Bxe5 Nd7 18. Bg3 Nb8 19. Ne2 Nc6 20. Nf4 Bg7 21. c3 Na5 22. Ra3 Nc4 23. Ra2 b5 24. axb5 axb5 25. Rxa8 Qxa8 26. Nd3 Qa2 27. Re2 Qa7 28.
Nb4 Ra8 29. Kh2 h5 30. h4 Bf6 31. b3 Nb6 32. Ra2 Qb7 33. Qa1 Be7 34. Rxa8+ Qxa8 35. Qxa8+ Nxa8 36. Nc6 Kf8 37. Kh3 Ke8 38. Bf4 Nb6 39. Kg3 Nd7 40. b4 Nb6 41. Na7 Na4 42. Nxb5 Kd7 43. Bd2 Kc6 44. Na3 Nb2 45. Nc2 Kb5 46. Ne3 Ka4 47. Kf4 Bxh4 48. g3 Be7 49. Kf3 Kb3 50. Ke2 g5 51. Ng2 h4 52. gxh4 gxh4 53. Ne3 Na4 54. Kd3 Nb2+ 55. Ke2 Na4 56. Kd3 Nb2+ 57.
Ke2 1/2-1/2

[Event "Early-Titled-Tuesday-Blitz-February-20-2024"]
[Site "Chess.com"]
[Date "2024.02.20"]
[Round "3"]
[White "nicolochessit"]
[Black "PattyCastillo"]
[Result "0-1"]
[WhiteElo "2290"]
[BlackElo "1945"]
[TimeControl "180+1"]
[EndTime "8:29:28 PST"]
[Termination "PattyCastillo won on time"]

1. e4 c5 2. Nf3 d6 3. Bb5+ Nd7 4. O-O Nf6 5. Re1 a6 6. Bf1 e5 7. c3 Be7 8. d4 cxd4 9. cxd4 O-O 10. Nc3 exd4 11. Nxd4 Nc5 12. a4 Re8 13. b4 Ne6 14.
Nf5 Bf8 15. Nd5 Nxd5 16. exd5 Nc7 17. Rxe8 Qxe8 18. Ne3 Qe5 19. Ra2 Bd7 20. Bb2 Qg5 21. Qf3 Re8 22. Bd3 h5 23. g3 h4 24. Ng2 hxg3 25. hxg3 Qxd5 26. Qxd5 Nxd5 27. Ba3 Be6 28. Rc2 g6 29. b5 axb5 30. Bxb5 Rc8 31. Rd2 Nc3 32.
Rd1 Nxb5 33. axb5 Bc4 34. Bxd6 Bxd6 35. Rxd6 Bxb5 36. Ne3 Rc1+ 37. Kg2 Bc6+ 38. Kh3 Rh1+ 39. Kg4 Kh7 40. Rd8 f5+ 41. Kf4 Kg7 42. Rd2 Kf6 43.
Nc4 g5+ 44. Ke3 Re1+ 45. Kd3 Bb5 46. Kd4 Re4+ 47. Kd5 Rxc4 48. Kd6 Rc6+ 49. Kd5 Rc3 50.
Rb2 Bc6+ 51. Kd4 Rf3 52. Re2 g4 0-1

[Event "Early-Titled-Tuesday-Blitz-February-20-2024"]
[Site "Chess.com"]
[Date "2024.02.20"]
[Round "3"]
[White "martinmena"]
[Black "fitod"]
[Result "0-1"]
[WhiteElo "2184"]
[BlackElo "2414"]
[TimeControl "180+1"]
[EndTime "8:29:30 PST"]
[Termination "fitod won by checkmate"]

1. c4 c5 2. g3 e6 3. Bg2 h5 4. h4 Nf6 5. Nc3 d5 6. cxd5 exd5 7. d3 d4 8. Ne4 Nd5 9. Bg5 Qb6 10. Qc2 Be6 11. a3 Nd7 12. Nf3 f6 13. Bd2 Kf7 14. O-O Be7 15. Rfb1 Rac8 16. Qa4 a6 17. b4 cxb4 18.
axb4 Nc3 19. Nxc3 dxc3 20. Be3 Qc7 21. Rc1 Nb6 22. Bxb6 Qxb6 23. Rab1 Rc7 24. b5 Rhc8 25. bxa6 Qxa6 26. Qc2 b5 27. Nd4 b4 28. Nxe6 Qxe6 29.
d4 g6 30. Qd3 Qc4 31. Qxc4+ Rxc4 32. Bd5+ Kg7 33. Bxc4 Rxc4 34. e3 Kf7 35. Rb3 g5 36.
Kf1 gxh4 37. gxh4 f5 38. Ke2 Ke6 39. Kd3 Kd5 40. f3 Rc8 41. e4+ fxe4+ 42. fxe4+ Ke6 43.
d5+ Ke5 44. Kc2 Rg8 45. Rf1 Rg2+ 46. Kc1 Bxh4 47. Rh1 Bg5+ 48. Kb1 c2+ 49. Ka1 c1=Q+ 50. Rxc1 Bxc1 51. Rxb4 h4 52. Rb3 Rg3 53. Rb8 h3 54. Rh8 Bf4 55. Rh5+ Kxe4 56. Rh4 Kxd5 57. Rxf4 h2 58.
Rf5+ Ke4 59. Rf2 Rg1+ 60. Kb2 h1=Q 61. Re2+ Kd3 62. Rc2 Rb1+ 63. Ka2 Kxc2 64. Ka3 Qa8# 0-1

[Event "Early-Titled-Tuesday-Blitz-February-20-2024"]
[Site "Chess.com"]
[Date "2024.02.20"]
[Round "3"]
[White "CM_rui"]
[Black "rezamahdavi2008"]
[Result "1-0"]
[WhiteElo "2592"]
[BlackElo "2830"]
[TimeControl "180+1"]
[EndTime "8:29:31 PST"]
[Termination "CM_rui won on time"]

1. e4 c5 2. Nf3 d6 3. c3 Nf6 4. Be2 g6 5. O-O Bg7 6. Bb5+ Bd7 7. Bxd7+ Nbxd7 8. Re1 O-O 9. d4 cxd4 10. cxd4 d5 11. e5 Ne4 12. Nc3 Nxc3 13. bxc3 Qc7 14. Qd3 Rfc8 15.
Bd2 e6 16. h4 Qc4 17. Qc2 b5 18. Qb2 a5 19. Reb1 Rab8 20. h5 Bf8 21. a3 Qd3 22.
Rd1 Nb6 23. hxg6 hxg6 24. Bg5 Qxc3 25. Qxb5 Nc4 26. Qd7 Bxa3 27. Bh6 Nb6 28. Qa7 Bb4 29. Rac1 Qb3 30. Ng5 Rf8 31. Bxf8 Rxf8 32. Qxb6 Qb2 33.
Nf3 Qe2 34. Rf1 Kg7 35. Qc7 Qe4 36. Qc2 Qf4 37. Rb1 Rh8 38. Qc1 Qe4 39. Qg5 Rf8 40.
Qf6+ Kg8 41. Rbc1 a4 42. Rb1 Bc3 43. Rb7 Bxd4 44. Nxd4 Qxd4 45. Rfb1 Kh7 46. Rxf7+ Rxf7 47. Qxf7+ Kh6 48. Qf6 a3 49. Qh8+ Kg5 50. Qf6+ Kh6 51. Kh2 Qa7 52. Rb3 1-0

[Event "Early-Titled-Tuesday-Blitz-February-20-2024"]
[Site "Chess.com"]
[Date "2024.02.20"]
[Round "3"]
[White "Hope_6"]
[Black "Muslim_player_05"]
[Result "1-0"]
[WhiteElo "2791"]
[BlackElo "2487"]
[TimeControl "180+1"]
[EndTime "8:29:31 PST"]
[Termination "Hope_6 won by checkmate"]

1. d4 Nf6 2. c4 g6 3. Nc3 Bg7 4. e4 d6 5. Be2 O-O 6. Be3 e5 7.
d5 Na6 8. Qd2 Nc5 9. f3 a5 10.
g4 h5 11. g5 Nh7 12. h4 f6 13. Nh3 Bxh3 14. Rxh3 fxg5 15. hxg5 Rf4 16. O-O-O Nxg5 17. Rg3 Kh7 18. Rdg1 Bh6 19. Kb1 Qe7 20. a3 Nb3 21.
Qd1 Nd4 22. Bxd4 exd4 23. Qxd4 Rg8 24. Bd1 Nf7 25. Ne2 Ne5 26. Nxf4 Bxf4 27. Rh3 c5 28. Qf2 Nxc4 29. Qg2 Rg7 30. Rgh1 Qe5 31. Bb3 b5 32. Bxc4 bxc4 33. Qc2 Rb7 34. Ka2 Rb3 35. Rb1 Qd4 36.
Rhh1 a4 37. e5 Qxe5 38. Rhe1 Qd4 39. Re7+ Kh6 40. Re6 Qg7 41. Rg1 Rxb2+ 42. Qxb2 Qxb2+ 43. Kxb2 Be5+ 44. Kc2 Kg7 45. Rgxg6+ Kf7 46. Rh6 Bd4 47.
Rxh5 c3 48. Rf5+ Kg7 49. Rg5+ Kf7 50. Rg4 c4 51. Rxd4 Kf8 52. Rxc4 Kf7 53. Rxc3 Kf8 54. Rc8+ Kf7 55. Rc7+ Kf8 56. Rxd6 Kg8 57. Rd8# 1-0

[Event "Early-Titled-Tuesday-Blitz-February-20-2024"]
[Site "Chess.com"]
[Date "2024.02.20"]
[Round "3"]
[White "GOGIEFF"]
[Black "Fighterman91"]
[Result "0-1"]
[WhiteElo "3016"]
[BlackElo "2778"]
[TimeControl "180+1"]
[EndTime "8:29:32 PST"]
[Termination "Fighterman91 won on time"]

1. c4 e5 2. d3 f5 3. g3 Nf6 4. Bg2 Bb4+ 5. Nd2 O-O 6. a3 Bxd2+ 7. Qxd2 d6 8. Nf3 Nc6 9. O-O a5 10. b3 Qe8 11. Bb2 f4 12. gxf4 Nh5 13. e3 exf4 14.
Rae1 Qg6 15. Kh1 Bg4 16. h3 fxe3 17. Rxe3 Bd7 18. Rg1 Qh6 19. Ng5 Nf4 20. Bxc6 Bxc6+ 21. Kh2 Ng6 22. Ne6 Rf7 23. d4 Re8 24. d5 Bd7 25.
Qd4 Bxe6 26. dxe6 Rf6 27. e7 Rxf2+ 28. Rg2 Qf4+ 29. Qxf4 Rxg2+ 30. Kxg2 Nxf4+ 31. Kf3 Ng6 32. c5 dxc5 33. Rc3 b6 34. b4 axb4 35. axb4 Rxe7 36.
bxc5 bxc5 37. Rxc5 Kf7 38. Bc3 Ke6 39. Ba5 Kd6 40.
Bb4 Rf7+ 41. Ke4 Ke6 42. Ke3 Kd7 43. Rd5+ Kc6 44. Rc5+ Kb6 45. Rg5 Ne7 46. Bc5+ Kc6 47. Ba3 Nf5+ 48. Kd3 g6 49. Bb2 Rd7+ 50. Ke2 Kd5 51.
h4 Ke4 52. Rg4+ Kd5 53. h5 gxh5 54. Rg5 Ke4 55. Rxh5 Ng3+ 0-1

[Event "Early-Titled-Tuesday-Blitz-February-20-2024"]
[Site "Chess.com"]
[Date "2024.02.20"]
[Round "3"]
[White "RobertoJBM"]
[Black "Natalya_Buksa"]
[Result "0-1"]
[WhiteElo "2822"]
[BlackElo "2603"]
[TimeControl "180+1"]
[EndTime "8:29:32 PST"]
[Termination "Natalya_Buksa won on time"]

1. d4 d5 2. Nf3 e6 3. e3 Nf6 4. Bd3 b6 5. Qe2 Bb7 6. Nbd2 Bd6 7. e4 dxe4 8. Nxe4 Nbd7 9. O-O Nxe4 10. Bxe4 Bxe4 11.
Qxe4 h6 12. Bf4 O-O 13. Qe3 Bxf4 14. Qxf4 c5 15. Rad1 Qe7 16. Rfe1 cxd4 17. Nxd4 Qf6 18. Qxf6 Nxf6 19. Nc6 a5 20. c4 Rfe8 21. Rd6 Rac8 22. f3 Rc7 23. Red1 g5 24. b3 a4 25. b4 Kg7 26. a3 e5 27. Kf2 e4 28. R1d4 exf3 29.
gxf3 Nh5 30. Re4 Rxe4 31. fxe4 Nf6 32. Ke3 Ne8 33. Rd8 Rxc6 34. Rxe8 Rxc4 35. Kd3 Rc1 36. Ra8 b5 37. Ra5 Ra1 38. Rxb5 Rxa3+ 39. Kc4 Re3 40. Kd4 Rb3 41. Kc4 Re3 42. Kd4 Rh3 43. Ra5 a3 44. b5 g4 45. b6 Rxh2 46. Rxa3 Rb2 47. Kc5 h5 48. e5 Kg6 49. Ra4 g3 50. Ra8 Kg7 51.
Ra3 h4 52. Ra4 g2 53. Rg4+ Kf8 54. b7 h3 55. Kc6 h2 56. Rxg2 Rxg2 57. b8=Q+ Kg7 58.
Qd8 Rg6+ 59. Kd7 h1=Q 0-1

[Event "Early-Titled-Tuesday-Blitz-February-20-2024"]
[Site "Chess.com"]
[Date "2024.02.20"]
[Round "3"]
[White "doctorcristian"]
[Black "wild3000"]
[Result "1/2-1/2"]
[WhiteElo "2605"]
[BlackElo "2415"]
[TimeControl "180+1"]
[EndTime "8:29:32 PST"]
[Termination "Game drawn - insufficient material"]

1. d4 Nf6 2. Nc3 d5 3. Bf4 c6 4. e3 g6 5. Be2 Bg7 6. Nf3 O-O 7. Ne5 Nbd7 8. h4 Ne4 9. Nxd7 Nxc3 10. bxc3 Bxd7 11.
h5 Qa5 12. Qd2 Rfe8 13. hxg6 hxg6 14. Bh6 Bxh6 15. Rxh6 Kg7 16. Rh1 Rh8 17. Rg1 Rh2 18. c4 Qa3 19. Qd3 Qb2 20. Kd2 Bf5 21. Qb3 Qxb3 22.
axb3 dxc4 23. Bxc4 Be4 24. Bf1 a5 25. Kc3 b6 26. f3 Bf5 27. e4 Bd7 28. Bd3 Kf6 29. Kd2 e5 30. dxe5+ Kxe5 31. Ke3 g5 32. g3 Kd6 33. Rh1 Rah8 34. Rxh2 Rxh2 35. f4 gxf4+ 36. gxf4 Rh3+ 37. Kd2 Kc5 38. Kc3 Rf3 39. Rf1 Rxf1 40. Bxf1 b5 41. e5 Bf5 42. Kd2 Kb4 43. Bg2 c5 44. Bd5 c4 45. bxc4 bxc4 46. Bxf7 a4 47. c3+ Kb3 48. e6 a3 49. e7 Bd7 50. Kc1 a2 51. Bxc4+ Kxc4 52. Kb2 Be8 53. f5 a1=Q+ 54. Kxa1 Kxc3 55. f6 Kd4 56. Kb2 Ke5 57. f7 Bxf7 58.
e8=Q+ Bxe8 1/2-1/2

[Event "Early-Titled-Tuesday-Blitz-February-20-2024"]
[Site "Chess.com"]
[Date "2024.02.20"]
[Round "3"]
[White "elchacal664"]
[Black "sewlins"]
[Result "0-1"]
[WhiteElo "2353"]
[BlackElo "2139"]
[TimeControl "180+1"]
[EndTime "8:29:33 PST"]
[Termination "sewlins won by checkmate"]

1. e4 c5 2. Nc3 a6 3. a4 d6 4.
Bc4 Nc6 5. f4 e6 6. Nf3 Nge7 7.
O-O d5 8. Ba2 g6 9. exd5 exd5 10. Re1 Be6 11. Ng5 Qd7 12. Nxe6 fxe6 13. Qg4 Nd4 14.
d3 Bg7 15. Be3 Nxc2 16. Bxc5 Nxe1 17. Rxe1 Bxc3 18. bxc3 Kf7 19. Bd4 Nf5 20. Bxh8 Rxh8 21. Qe2 Re8 22. Rb1 Qc7 23. Qe5 Qc5+ 24. Kh1 Re7 25. c4 Qa3 26. Qb2 Qxb2 27. Rxb2 dxc4 28. Bxc4 Nd6 29. Rb6 Nxc4 30. dxc4 Rc7 31. g3 Ke7 32. a5 Kd7 33. Kg2 Kc8 34. Rb4 Rc5 35. Ra4 e5 36.
Kf3 exf4 37. gxf4 Rh5 38. Kg3 Kc7 39. h4 Kc6 40. Kg4 Rc5 41. Rb4 Rxa5 42. Rb2 Rc5 43.
Re2 a5 44. Re7 a4 45. Rxh7 a3 46. Rh8 Ra5 47. Rc8+ Kb6 48. Re8 a2 49. Re1 a1=Q 50. Rxa1 Rxa1 51. Kg5 Rg1+ 52. Kf6 Kc5 53. h5 gxh5 54. f5 Kxc4 55. Ke5 h4 56. f6 h3 57. f7 Rf1 58. f8=Q Rxf8 59. Kd6 h2 60. Kc7 h1=Q 61. Kb6 Qc6+ 62. Ka7 Qa4+ 63. Kxb7 Rf7+ 64.
Kb6 Qb5# 0-1

[Event "Early-Titled-Tuesday-Blitz-February-20-2024"]
[Site "Chess.com"]
[Date "2024.02.20"]
[Round "3"]
[White "Rodalquilar"]
[Black "KuzubovYuriy"]
[Result "1-0"]
[WhiteElo "2756"]
[BlackElo "2955"]
[TimeControl "180+1"]
[EndTime "8:29:34 PST"]
[Termination "Rodalquilar won by resignation"]

1. d4 Nf6 2. Nf3 e6 3. Bf4 d5 4. e3 c5 5. Nbd2 Nc6 6. c3 Nh5 7. Bg5 Qb6 8. dxc5 Bxc5 9. b4 Be7 10. b5 Na5 11. Bxe7 Kxe7 12. Qa4 Rd8 13. Qb4+ Ke8 14. Bd3 Nf6 15. O-O Bd7 16. Ne5 Qc7 17. Ndf3 b6 18.
Qf4 h6 19. Rac1 Rac8 20. g4 Kf8 21. h4 Be8 22. g5 hxg5 23. hxg5 Nh5 24. Qh4 g6 25.
Qd4 Qc5 26. Nxg6+ fxg6 27. Qh8+ Ke7 28. Qh7+ Kd6 29. Bxg6 Ng3 30. fxg3 Qxe3+ 31. Kg2 Rxc3 32. Rxc3 Qxc3 33. Bxe8 Rxe8 34. Qxa7 Nc4 35. Qf7 Ne3+ 36. Kf2 Ra8 37. Qf4+ Kd7 38. Ne5+ Kd6 39. Nc4+ Kc5 40. Nxe3 Rxa2+ 41. Kg1 d4 42. Ng2 Qc2 43. Rc1 d3 44. Rxc2+ dxc2 45. Qc1 Kb4 46. Ne3 Kc3 47. Nxc2 Rxc2 48.
Qe3+ Kb4 49. Qxb6 Rc3 50. Qxe6 Rxg3+ 51. Kf2 Rxg5 52. b6 Rb5 53. Qc6 Ka5 54. Qxb5+ Kxb5 55. b7 Ka6 56. b8=Q 1-0

[Event "Early-Titled-Tuesday-Blitz-February-20-2024"]
[Site "Chess.com"]
[Date "2024.02.20"]
[Round "3"]
[White "Mikhail_Golubev"]
[Black "DarZay"]
[Result "0-1"]
[WhiteElo "2638"]
[BlackElo "2308"]
[TimeControl "180+1"]
[EndTime "8:29:34 PST"]
[Termination "DarZay won on time"]

1. e4 c5 2. Nf3 Nc6 3. Nc3 g6 4. d4 cxd4 5. Nxd4 Bg7 6. Be3 d6 7. f3 Nf6 8. Qd2 O-O 9. O-O-O Nd7 10. h4 Qa5 11. h5 gxh5 12. Kb1 Nc5 13. Nxc6 bxc6 14.
Rxh5 Be6 15. Bd4 f6 16. Be2 Rfb8 17. Rdh1 Bxa2+ 18. Kc1 Qb4 19. Nd1 Qxd2+ 20. Kxd2 h6 21. b3 Bxb3 22. cxb3 Nxb3+ 23. Ke3 Nxd4 24. Kxd4 f5+ 25.
Ke3 fxe4 26. fxe4 Rb3+ 27. Kf2 a5 28. R1h3 Rxh3 29. Rxh3 a4 30. Bc4+ Kh7 31. Ra3 Bd4+ 32.
Ke2 Bc5 33. Ra2 a3 34. Ne3 Rb8 35. Nc2 Rb2 36. Rxb2 axb2 37. Ba2 d5 38. exd5 cxd5 39. Bb1 Kg7 40. Ne1 e5 41. Nd3 Bd4 42. Nb4 Kf6 43. Nxd5+ Kg5 44. Kf3 h5 45. Nc7 Bc3 46. Ne6+ Kf6 47.
Nc5 Ke7 48. Ne4 Bd4 49. Ng3 h4 50. Nf5+ Kf6 51. Nxh4 Kg5 52. g3 Bc3 53. Ng2 Kh5 54.
Ne3 Be1 55. Nf1 Bxg3 0-1

[Event "Early-Titled-Tuesday-Blitz-February-20-2024"]
[Site "Chess.com"]
[Date "2024.02.20"]
[Round "3"]
[White "TigrVShlyape"]
[Black "ChessQueen"]
[Result "1-0"]
[WhiteElo "2929"]
[BlackElo "2715"]
[TimeControl "180+1"]
[EndTime "8:29:36 PST"]
[Termination "TigrVShlyape won by resignation"]

1. e4 c6 2. Nf3 d5 3. d3 Qc7 4. Nc3 dxe4 5. dxe4 Bg4 6. h3 Bxf3 7. Qxf3 Nd7 8. Bd2 Ngf6 9. g4 e6 10. g5 Ne5 11.
Qe2 Nfd7 12. h4 O-O-O 13. O-O-O h6 14. gxh6 gxh6 15. h5 Nb6 16. Kb1 Bg7 17. Rg1 Bf6 18.
Bc1 Rxd1 19. Nxd1 Nec4 20. f4 Bd4 21. Rg3 Rd8 22. b3 Nd6 23. c3 Bh8 24. Bh3 Nb5 25. e5 Nd5 26. a4 Nd6 27. exd6 Qxd6 28. Qf2 Nxf4 29. Qxf4 Qxd1 30. Qc4 Qxh5 31. Bg2 Be5 32. Rg4 Qf5+ 33. Qe4 Qxe4+ 34. Rxe4 Bxc3 35. Bxh6 Rg8 36. Re2 Bd4 37. Kc2 a5 38. Bd2 Bb6 39. Be4 Rg3 40.
Bd3 Kd7 41. Bc4 Bc7 42. Rf2 Ke8 43. Bc3 Rh3 44. Rg2 b6 45. Bf6 Rh2 46. Rxh2 Bxh2 47. Kd3 Bc7 48. Ke4 Kd7 49. Be2 Bd6 50. Bh5 Ke8 51.
Kd3 b5 52. Ke4 bxa4 53. bxa4 Bb4 54. Kd4 Bd6 55. Kc4 Bb4 56. Bd4 Bd6 57. Bc3 Bc7 58. Kc5 Kd7 59. Bxf7 Bd8 60. Bh5 Bc7 61. Bf3 e5 62.
Bxc6+ Ke6 63. Be4 Bd8 64. Kb5 1-0